 Dungeon Crawl Stone Soup version 0.28-a0-899-gf2b78a14d2 (webtiles) character file.

Game seed: 12187651231222893703

761 Gargoyl the Skirmisher (level 7, -5/57 (60) HPs)
             Began as a Gnoll Abyssal Knight on Nov 23, 2021.
             Was a Believer of Lugonu.
             Slain by a wight (8 damage)
             ... on level 5 of the Dungeon.
             The game lasted 00:05:53 (4485 turns).

Gargoyl the Skirmisher (Gnoll Abyssal Knight)       Turns: 4485, Time: 00:05:54

HP:   -5/57 (60)    AC: 11    Str: 15    XL:     7   Next: 80%
MP:   10/10         EV: 11    Int:  9    God:    Lugonu [**....]
Gold: 183           SH:  4    Dex: 12    Spells: 11/11 levels left

rFire   . . .      SeeInvis .   c - +2 scimitar (freeze)
rCold   . . .      Faith    .   i - +0 buckler
rNeg    . . .      Spirit   .   h - +1 ring mail
rPois   .          Reflect  .   (no helmet)
rElec   .          Harm     .   (no cloak)
rCorr   .          Rampage  +   k - +0 pair of gloves
Will    .....                   d - +2 pair of boots {rampage}
Stlth   +.........              (no amulet)
HPRegen 0.00/turn               (no ring)
MPRegen 0.12/turn               (no ring)

@: inhibited regen, drained
A: fangs 1, strong nose, distributed training, low mp 1, inhibited regeneration
a: Renounce Religion, Depart the Abyss, Bend Space


You were on level 5 of the Dungeon.
You worshipped Lugonu.
Lugonu was pleased with you.
You visited 1 branch of the dungeon, and saw 5 of its levels.
You visited the Abyss 1 time.

You collected 183 gold pieces.

Inventory:

Hand Weapons
 a - a +2 hand axe
 b - a +2 spear of venom
 c - a +2 scimitar of freezing (weapon)
Armour
 d - a +2 pair of boots of rampaging (worn)
 h - a +1 ring mail (worn)
 i - a +0 buckler (worn)
 k - a +0 pair of gloves (worn)
Jewellery
 n - a ring of resist corrosion
Scrolls
 m - 2 scrolls of identify
Potions
 e - a potion of lignification {unknown}
 f - a potion of magic
 g - a potion of curing
 j - a potion of might {unknown}
 l - 2 potions of heal wounds {unknown}


   Skills:
 + Level 7.1 Fighting
 + Level 2.7 Short Blades
 + Level 2.7 Long Blades
 + Level 5.3 Axes
 + Level 2.7 Maces & Flails
 + Level 2.7 Polearms
 + Level 2.7 Staves
 + Level 2.7 Slings
 + Level 2.7 Bows
 + Level 2.7 Crossbows
 + Level 2.7 Throwing
 + Level 5.3 Armour
 + Level 3.8 Dodging
 + Level 2.7 Stealth
 + Level 2.7 Shields
 + Level 2.7 Unarmed Combat
 + Level 2.7 Spellcasting
 + Level 2.2 Conjurations
 + Level 2.2 Hexes
 + Level 2.2 Summonings
 + Level 2.2 Necromancy
 + Level 2.2 Translocations
 + Level 2.2 Transmutations
 + Level 2.2 Fire Magic
 + Level 2.2 Ice Magic
 + Level 2.2 Air Magic
 + Level 2.2 Earth Magic
 + Level 2.2 Poison Magic
 + Level 5.5 Invocations
 + Level 2.7 Evocations


You had 11 spell levels left.
You didn't know any spells.
Your spell library contained the following spells:

 Spells                   Type           Power      Damage    Failure   Level
 Foxfire                  Conj/Fire      20%        2x1d5     28%         1
 Fireball                 Conj/Fire      2%         3d4       100%        5
 Lightning Bolt           Conj/Air       2%         1d14      100%        5
 Chain Lightning          Conj/Air       2%         3d3       100%        9


Dungeon Overview and Level Annotations

Branches:
Dungeon (5/15)
 Temple: D:4-7

Altars:
Qazlal
Ru
Sif Muna
Wu Jian


Innate Abilities, Weirdness & Mutations

You have very sharp teeth.
Your uncanny sense of smell can sniff out nearby items.
Your experience applies equally to all skills.
Your magical capacity is low. (-10% MP)
You do not regenerate when monsters are visible.


Message History

You hit the wight.
The wight is severely damaged.
The wight hits you with a +0 dagger.
* * * LOW HITPOINT WARNING * * *
You feel drained.
* * * LOW HITPOINT WARNING * * *
The wight barely misses you. You block the wight's attack.
You closely miss the wight.
The wight is severely damaged.
You block the wight's attack. The wight misses you.
Unknown command.
You barely miss the wight. Your bite misses the wight.
The wight is severely damaged.
You block the wight's attack. The wight barely misses you. x2
Unknown command.
You hit the wight but do no damage.
The wight is heavily damaged.
The wight barely misses you. The wight hits you but does no damage.
You feel better. The wight hits you but does no damage.
The wight hits you with a +0 flail.
* * * LOW HITPOINT WARNING * * *
You feel drained.
Unknown command.
You slash the wight!
You destroy the wight!
Lugonu accepts your kill. The wight barely misses you.
Unknown command.
You closely miss the wight.
The wight is heavily damaged.
You block the wight's attack.
You hit the wight.
The wight is heavily damaged.
The wight hits you with a +0 flail!
* * * LOW HITPOINT WARNING * * *
You block the wight's attack.
You hit the wight.
The wight is severely damaged.
The wight hits you with a +0 flail!
You die...

.....#####..##.
#......###.##. ..#
#........? #.#
#....##)#. #.#
#....##.)? .# ### #.#
#....####. ...##..
#.###....# #.
.......#####........#
#.
.......z@...........#
##
.......))...........#
#
.......###..........#
....... #......#####
####### ########


You could see a wight.

Vanquished Creatures
  Menkaure (D:5)
  A scorpion (D:4)
  2 wights (D:5)
  A howler monkey (D:3)
  A centaur zombie (D:4)
  A jelly (D:4)
  A hound (D:4)
  2 centaur skeletons
  4 orc wizards
  3 gnolls (D:3)
  7 adders
  3 worms
  2 dart slugs
  11 orcs
  6 bats
  4 endoplasms
  A giant cockroach (D:3)
  8 hobgoblins
  3 jackals (D:4)
  3 quokkas
  2 ball pythons
  3 frilled lizards
  5 goblins
  8 kobolds
  5 rats
88 creatures vanquished.

Vanquished Creatures (others)
  The ghost of dricus the Gusty, a weakling DgAE (D:3)
1 creature vanquished.

Grand Total: 89 creatures vanquished

Notes
Turn   | Place    | Note
-------+----------+-------------------------------------------
     0 | Abyss:1  | Gargoyl the Gnoll Abyssal Knight began the quest for the
                  | Orb.
     0 | Abyss:1  | Reached XP level 1. HP: 23/23 MP: 3/3
    83 | Abyss:2  | Noticed a cane toad
    91 | Abyss:2  | Noticed an iron imp
   111 | Abyss:3  | Noticed a rust devil
   136 | D:1      | Escaped the Abyss
   268 | D:1      | Got the Reference Book on Attacks
   405 | D:1      | Reached * piety under Lugonu
   406 | D:1      | Reached XP level 2. HP: 17/29 MP: 5/5
   415 | D:1      | HP: 1/29 [quokka (2)]
  1264 | D:1      | Reached XP level 3. HP: 33/35 MP: 6/6
  1289 | D:2      | Identified a scroll of acquirement
  1290 | D:2      | Acquired a +2 pair of boots of rampaging
  1825 | D:2      | Reached skill level 1 in Short Blades
  1825 | D:2      | Reached skill level 1 in Long Blades
  1825 | D:2      | Reached skill level 1 in Maces & Flails
  1825 | D:2      | Reached skill level 1 in Polearms
  1825 | D:2      | Reached skill level 1 in Staves
  1825 | D:2      | Reached skill level 1 in Slings
  1825 | D:2      | Reached skill level 1 in Bows
  1825 | D:2      | Reached skill level 1 in Crossbows
  1825 | D:2      | Reached skill level 1 in Throwing
  1825 | D:2      | Reached skill level 1 in Stealth
  1825 | D:2      | Reached skill level 1 in Shields
  1825 | D:2      | Reached skill level 1 in Unarmed Combat
  1825 | D:2      | Reached skill level 1 in Spellcasting
  1825 | D:2      | Reached skill level 1 in Evocations
  2158 | D:2      | Reached XP level 4. HP: 41/41 MP: 7/7
  2386 | D:3      | Gained mutation: You do not regenerate when monsters are
                  | visible. [potion of mutation]
  2386 | D:3      | Gained mutation: Your magical capacity is low. (-10% MP)
                  | [potion of mutation]
  2402 | D:3      | Found an ornate altar of the Wu Jian Council.
  2422 | D:3      | Reached skill level 1 in Conjurations
  2422 | D:3      | Reached skill level 1 in Hexes
  2422 | D:3      | Reached skill level 1 in Summonings
  2422 | D:3      | Reached skill level 1 in Necromancy
  2422 | D:3      | Reached skill level 1 in Translocations
  2422 | D:3      | Reached skill level 1 in Transmutations
  2422 | D:3      | Reached skill level 1 in Fire Magic
  2422 | D:3      | Reached skill level 1 in Ice Magic
  2422 | D:3      | Reached skill level 1 in Air Magic
  2422 | D:3      | Reached skill level 1 in Earth Magic
  2422 | D:3      | Reached skill level 1 in Poison Magic
  2560 | D:3      | Reached XP level 5. HP: 33/47 MP: 7/7
  2708 | D:3      | Reached ** piety under Lugonu
  2712 | D:3      | Found a faded altar of an unknown god.
  2772 | D:3      | Found a sacrificial altar of Ru.
  2865 | D:3      | Found a large runed translucent door.
  2865 | D:3      | Found a large runed translucent door.
  3060 | D:3      | Reached skill level 5 in Invocations
  3145 | D:3      | Reached XP level 6. HP: 46/53 MP: 8/8
  3260 | D:3      | Noticed dricus's ghost (weakling DgAE)
  3473 | D:3      | Killed dricus's ghost
  3615 | D:4      | Reached skill level 5 in Axes
  3615 | D:4      | Reached skill level 5 in Armour
  3906 | D:4      | Found a stormy altar of Qazlal.
  4028 | D:4      | Reached XP level 7. HP: 59/59 MP: 9/9
  4049 | D:4      | Found a shimmering blue altar of Sif Muna.
  4192 | D:4      | Reached skill level 7 in Fighting
  4286 | D:5      | Entered Level 5 of the Dungeon
  4286 | D:5      | Noticed Menkaure
  4289 | D:5      | Killed Menkaure
  4485 | D:5      | Slain by a wight

Illustrated notes

Levels and vault maps discovered:
D:1:      dpeg_arrival_central, layout_basic
D:2:      layout_loops_corners
D:3:      layout_loops_ring, mainiacjoe_overflow_tiny_flanked,
          nicolae_ru_great_annihilating_truth, ebering_ecumenical_altar_mist,
          ebering_ghost_disaster_area, minivault_27, kennysheep_generic_room_14
D:4:      layout_rooms, nicolae_qazlal_scattered_showers,
          kennysheep_orc_sif_temple
D:5:      cheibrodos_helix_gallery, layout_rooms, lemuel_round_altar,
          gammafunk_ghost_arena, uniq_pikel, uniq_menkaure

Skill      XL: |  1  2  3  4  5  6  7 |
---------------+----------------------+-----
Short Blades   | 1 2 |  2.7
Long Blades    | 1 2 |  2.7
Maces & Flails | 1 2 |  2.7
Polearms       | 1 2 |  2.7
Staves         | 1 2 |  2.7
Slings         | 1 2 |  2.7
Bows           | 1 2 |  2.7
Crossbows      | 1 2 |  2.7
Throwing       | 1 2 |  2.7
Stealth        | 1 2 |  2.7
Shields        | 1 2 |  2.7
Unarmed Combat | 1 2 |  2.7
Spellcasting   | 1 2 |  2.7
Evocations     | 1 2 |  2.7
Conjurations   | 1 2 |  2.2
Hexes          | 1 2 |  2.2
Summonings     | 1 2 |  2.2
Necromancy     | 1 2 |  2.2
Translocations | 1 2 |  2.2
Transmutations | 1 2 |  2.2
Fire Magic     | 1 2 |  2.2
Ice Magic      | 1 2 |  2.2
Air Magic      | 1 2 |  2.2
Earth Magic    | 1 2 |  2.2
Poison Magic   | 1 2 |  2.2
Dodging        | 3 |  3.8
Invocations    | 5 |  5.5
Axes           | 5 |  5.3
Armour         | 5 |  5.3
Fighting       | 7 |  7.1

Action                   |  1- 3 |  4- 6 |  7- 9 || total
-------------------------+-------+-------+-------++-------
Melee: Scimitar          |    81 |   112 |    48 ||   241
       Bite              |     4 |     6 |     3 ||    13
Invok: Depart the Abyss  |     1 |       |       ||     1
  Use: Potion            |     2 |     2 |     1 ||     5
       Scroll            |     3 |     4 |       ||     7
 Stab: Invisible         |       |     1 |       ||     1
       Sleeping          |       |     1 |       ||     1
Armor: Leather armour    |    26 |       |       ||    26
       Ring mail         |    13 |    66 |    25 ||   104
Dodge: Dodged            |    74 |    86 |    38 ||   198
Block: Buckler           |       |    11 |    17 ||    28

Table legend: (Time is in decaauts)
 A = Elapsed time spent in this place.
 B = Non-inter-level travel time spent in this place.
 C = Inter-level travel time spent in this place.
 D = Time resting spent in this place.
 E = Time spent auto-exploring this place.
 F = Levels seen in this place.
 G = Mean time per level.
                   A        B        C        D        E       F      G
               +--------+--------+--------+--------+--------+-----+--------+
         Total |   4571 |   4474 |     97 |     15 |   3571 |   8 |  571.4 |
       Dungeon |   4436 |   4339 |     97 |     15 |   3503 |   5 |  887.2 |
         Abyss |    135 |    135 |      0 |      0 |     68 |   3 |   45.0 |
               +--------+--------+--------+--------+--------+-----+--------+

Top non-repeatable levels by time:
     D:3: 1259 daAuts
     D:1: 1159 daAuts
     D:2: 1115 daAuts
     D:4: 691 daAuts
     D:5: 209 daAuts
 Abyss:1: 67 daAuts
 Abyss:2: 40 daAuts
 Abyss:3: 27 daAuts
